 Dungeon Crawl Stone Soup version 0.20.1-1-g8b1a95d66d (webtiles) character file.

22256 Ivernyr the Ogre Mage (level 12, -2/136 HPs)
             Began as an Ogre Wizard on Dec 16, 2017.
             Was a Follower of Qazlal.
             Slain by a seven-headed hydra (12 damage)
             ... on level 2 of the Lair of Beasts on Dec 18, 2017.
             The game lasted 02:13:23 (26419 turns).

Ivernyr the Ogre Mage (Ogre Wizard)                Turns: 26419, Time: 02:13:25

Health: -2/136     AC:  6    Str: 14    XL:     12   Next: 98%
Magic:  2/32       EV: 11    Int: 23    God:    Qazlal [*.....]
Gold:   552        SH:  2    Dex:  7    Spells: 25/43 levels left

rFire    . . .     SeeInvis .   a - +1 trident (pierce)
rCold    . . .     Gourm    .   (no shield)
rNeg     . . .     Faith    .   I - +1 robe of Inevitability {*Contam MR+ Stlth+} (curse)
rPois    +         Spirit   .   b - +1 hat
rElec    .         Reflect  .   D - +0 cloak
rCorr    .         Harm     .   (gloves unavailable)
MR       +++..                  (boots unavailable)
Stlth    ++........             (no amulet)
Regen    0.4/turn               A - ring of poison resistance
MPRegen  0.3/turn               M - ring of protection from magic

@: no status effects
A: unfitting armour, tough skin 1, sturdy frame 1
a: Renounce Religion


You were on level 2 of the Lair of Beasts.
You worshipped Qazlal.
Qazlal was aware of your devotion.
You were not hungry.

You visited 3 branches of the dungeon, and saw 14 of its levels.

You collected 683 gold pieces.
You spent 131 gold pieces at shops.

Inventory:

Hand Weapons
 a - a +1 trident of piercing (weapon)
Armour
 b - a +1 hat (worn)
 D - a +0 cloak (worn)
 I - the cursed +1 robe of Inevitability (worn) {*Contam MR+ Stlth+}
   (You bought it in a shop on level 9 of the Dungeon)

   It affects your resistance to hostile enchantments.
   It causes magical contamination when unequipped.
   It makes you more stealthy.
   It has a curse placed upon it.
Jewellery
 g - an uncursed ring of flight
 i - an uncursed ring of see invisible
 A - a ring of poison resistance (left hand)
 M - a ring of protection from magic (right hand)
 O - an uncursed ring of positive energy
 Q - an uncursed ring of positive energy
Wands
 q - a wand of paralysis (11/24)
 H - a wand of enslavement (12/24)
 P - a wand of confusion (31/48)
 S - a wand of paralysis (10/24)
Scrolls
 e - 5 scrolls of magic mapping
 h - a scroll of brand weapon
 m - a scroll of blinking {unknown}
 r - 2 scrolls of amnesia
 t - 2 scrolls of enchant armour
 y - 5 scrolls of teleportation
 B - a scroll of recharging {unknown}
 C - 2 scrolls of remove curse
 F - a scroll of summoning {unknown}
 G - a scroll of enchant weapon {unknown}
 J - a scroll of acquirement {unknown}
 K - 2 scrolls of fog
 L - a scroll of noise {unknown}
Potions
 j - 2 potions of heal wounds
 k - 2 potions of might
 l - 2 potions of berserk rage {unknown}
 n - a potion of agility
 o - 2 potions of brilliance
 s - 2 potions of lignification
 u - 5 potions of curing
 v - a potion of invisibility {unknown}
 w - 2 potions of mutation
 x - a potion of ambrosia {unknown}
 z - a potion of haste {unknown}
Books
 c - a book of Minor Magic

   Spells                             Type                      Level
   a - Magic Dart                     Conjuration                  1
   b - Blink                          Translocation                2
   c - Call Imp                       Summoning                    2
   d - Slow                           Hexes                        2
   e - Conjure Flame                  Conjuration/Fire             3
   f - Mephitic Cloud                 Conjuration/Poison/Air       3
 E - a Young Poisoner's Handbook

   Spells                             Type                      Level
   a - Sting                          Conjuration/Poison           1
   b - Poisonous Vapours              Poison/Air                   2
   c - Mephitic Cloud                 Conjuration/Poison/Air       3
   d - Olgreb's Toxic Radiance        Poison                       4
   e - Venom Bolt                     Conjuration/Poison           5
 N - a book of Frost

   Spells                             Type                      Level
   a - Freeze                         Ice                          1
   b - Throw Frost                    Conjuration/Ice              2
   c - Ozocubu's Armour               Charms/Ice                   3
   d - Throw Icicle                   Conjuration/Ice              4
   e - Summon Ice Beast               Ice/Summoning                4
Comestibles
 d - 12 bread rations
 f - 4 meat rations
 p - 7 royal jellies


   Skills:
 + Level 13.1 Fighting
 - Level 5.1 Dodging
 - Level 1.4 Stealth
 * Level 16.1 Spellcasting
 - Level 5.0 Conjurations
   Level 0.8 Summonings
 - Level 0.8 Translocations
 + Level 8.1 Invocations


You had 25 spell levels left.
You knew the following spells:

 Your Spells              Type           Power        Failure   Level  Hunger
a - Magic Dart            Conj           ####         1%          1    None
b - Blink                 Tloc           N/A          3%          2    None
c - Conjure Flame         Conj/Fire      ####....     3%          3    None
d - Mephitic Cloud        Conj/Pois/Air  ####....     4%          3    None
e - Ozocubu's Armour      Chrm/Ice       ###.....     9%          3    None
f - Throw Icicle          Conj/Ice       ####....     11%         4    None
g - Throw Frost           Conj/Ice       ####..       1%          2    None


Dungeon Overview and Level Annotations

Branches:
Dungeon (10/15)            Temple (1/1) D:6            Lair (3/6) D:8
  Swamp (0/4) Lair:3       Spider (0/4) Lair:2
    Orc: D:9-12

Altars:
Ashenzari
Cheibriados
Elyvilon
Fedhas
Gozag
Hepliaklqana
Kikubaaqudgha
Makhleb
Nemelex Xobeh
Qazlal
Ru
Sif Muna
Trog
Vehumet
Xom
Yredelemnul
Zin
The Shining One

Shops:
D:9 [

Annotations:
D:3 1 exclusion
Lair:2 Popi's ghost, journeyman HuFi


Innate Abilities, Weirdness & Mutations

You are too large for most types of armour.
You have tough skin. (AC +1)
Your movements are slightly less encumbered by armour. (ER -2)


Message History

Casting: Blink
Confirm with . or Enter, or press ? or * to list all spells.
Aiming: Throw Icicle
Press: ? - help, Shift-Dir - straight line, f/p - seven-headed hydra
Aim: a seven-headed hydra (severely wounded)
The shard of ice hits the seven-headed hydra.
The seven-headed hydra is almost dead.
Casting: Throw Icicle
Confirm with . or Enter, or press ? or * to list all spells.
Aiming: Throw Icicle
Press: ? - help, Shift-Dir - straight line, f/p - seven-headed hydra
Aim: a seven-headed hydra (almost dead)
The shard of ice misses the seven-headed hydra.
The seven-headed hydra bites you but does no damage.
You block the seven-headed hydra's attack.
The seven-headed hydra bites you!
* * * LOW HITPOINT WARNING * * *
You block the seven-headed hydra's attack.
The seven-headed hydra bites you!
You die...

....#....#####..########.........
....†......#P#........#..........
....#>.........##..##............
.............##########.#........
.......†.###'### #####......
.......(##.....#### #P.##..
................#.# ###..#.
.......#...####D.## ##.#.
......##.......#@## ##.#
..................# #..
......#..#.....#..####### ##.
....##..#..⌠.⌠.##..#..⌠.### #.
...##...#.......#..#......## ##.
..#.....#...<......'..<.⌠#.# #..
.###............#........### #..
.....#.....⌠.⌠.##..#..⌠.## ##..
#....##............###.## ###...


You could see a seven-headed hydra.

Vanquished Creatures
  2 hydras
  4 two-headed ogres
  An oklob plant (Lair:1)
  A manticore (D:7)
  3 black mambas
  Maurice (D:8)
  4 spiny frogs
  2 rime drakes
  5 komodo dragons
  2 trolls
  Grinder (D:4)
  8 hippogriffs
  A vampire (D:6)
  A wyvern (D:9)
  11 yaks
  A wraith (D:10)
  Eustachio (D:5)
  A basilisk (Lair:2)
  4 hogs (D:9)
  2 hungry ghosts
  A human (D:9)
  Menkaure (D:7)
  Duvessa (D:5)
  10 water moccasins
  5 porcupines (Lair:1)
  An eye of draining (D:10)
  4 orc warriors
  2 black bears
  A necrophage (D:9)
  2 sky beasts
  7 ogres
  A wolf (D:8)
  2 phantoms
  5 centaurs
  4 crocodiles
  7 bullfrogs
  A gnoll sergeant (D:8)
  Dowan (D:5)
  A water moccasin skeleton (D:8)
  2 scorpions
  24 killer bees
  5 wights (D:8)
  4 howler monkeys
  2 electric eels (D:8)
  6 crimson imps
  2 bullfrog zombies
  A quasit (D:8)
  2 centaur skeletons
  A bullfrog skeleton (D:7)
  11 hounds
  7 orc priests
  6 orc wizards
  7 worker ants
  2 iguanas
  2 hound skeletons
  A worker ant zombie (D:9)
  Robin (D:3)
  A howler monkey zombie (D:9)
  5 gnolls
  6 adders
  4 shadow imps
  2 oozes
  4 adder skeletons
  2 worms
  3 dart slugs (D:2)
  10 leopard geckos
  36 orcs
  4 giant cockroaches
  16 hobgoblins
  10 jackals
  7 kobolds
  5 quokkas
  3 ball pythons
  11 bats
  6 frilled lizards
  14 goblins
  A jackal skeleton (D:8)
  A quokka skeleton (D:9)
  A quokka zombie (D:6)
  10 rats
361 creatures vanquished.

Vanquished Creatures (others)
  3 fungi (Lair:2)
  2 plants (Lair:2)
5 creatures vanquished.

Grand Total: 366 creatures vanquished

Notes
Turn   | Place    | Note
-------+----------+-------------------------------------------
     0 | D:1      | Ivernyr the Ogre Wizard began the quest for the Orb.
     0 | D:1      | Reached XP level 1. HP: 16/16 MP: 5/5
    81 | D:1      | Reached skill level 1 in Conjurations
   213 | D:1      | Reached XP level 2. HP: 24/24 MP: 1/6
   263 | D:1      | Learned a level 2 spell: Blink
   280 | D:1      | Reached skill level 4 in Spellcasting
   979 | D:1      | Reached XP level 3. HP: 31/31 MP: 4/8
  1018 | D:1      | Learned a level 3 spell: Conjure Flame
  1022 | D:1      | Learned a level 3 spell: Mephitic Cloud
  2462 | D:2      | Reached skill level 1 in Fighting
  2462 | D:2      | Reached XP level 4. HP: 41/41 MP: 1/10
  3791 | D:2      | Reached skill level 5 in Spellcasting
  3791 | D:2      | Reached XP level 5. HP: 32/49 MP: 1/12
  5149 | D:4      | Reached XP level 6. HP: 58/58 MP: 7/14
  5150 | D:4      | Noticed Robin
  5192 | D:4      | Reached skill level 6 in Spellcasting
  5508 | D:3      | Killed Robin
  6114 | D:4      | Reached XP level 7. HP: 67/67 MP: 9/17
  6706 | D:4      | Reached skill level 7 in Spellcasting
  6827 | D:4      | Noticed Grinder
  6839 | D:4      | Paralysed by Grinder for 4 turns
  6920 | D:4      | Paralysed by Grinder for 2 turns
  6939 | D:4      | Paralysed by Grinder for 2 turns
  6947 | D:4      | Paralysed by Grinder for 5 turns
  6957 | D:4      | Killed Grinder
  7683 | D:5      | Entered Level 5 of the Dungeon
  7687 | D:5      | Found a basalt altar of Yredelemnul.
  7704 | D:5      | Reached XP level 8. HP: 73/79 MP: 15/19
  7803 | D:5      | Noticed Duvessa
  7848 | D:5      | Killed Duvessa
  7848 | D:5      | Reached skill level 5 in Fighting
  7848 | D:5      | Reached skill level 8 in Spellcasting
  7866 | D:5      | Noticed Dowan
  7877 | D:5      | Killed Dowan
  7980 | D:5      | Noticed Eustachio
  8251 | D:5      | Killed Eustachio
  8844 | D:5      | Reached skill level 9 in Spellcasting
  9383 | D:5      | Reached skill level 5 in Conjurations
 10146 | D:6      | Found a staircase to the Ecumenical Temple.
 10155 | D:6      | Reached XP level 9. HP: 75/91 MP: 13/22
 10551 | Temple   | Entered the Ecumenical Temple
 10726 | Temple   | Became a worshipper of Qazlal Stormbringer
 10869 | D:6      | Reached skill level 10 in Spellcasting
 11328 | D:7      | Noticed Menkaure
 11553 | D:7      | Killed Menkaure
 12555 | D:7      | Noticed a manticore
 12753 | D:7      | Reached skill level 11 in Spellcasting
 12909 | D:7      | HP: 4/96 [barbs]
 13657 | D:8      | Reached * piety under Qazlal
 13836 | D:8      | Reached XP level 10. HP: 106/106 MP: 17/25
 13889 | D:8      | Noticed a two-headed ogre
 13904 | D:8      | Killed a two-headed ogre
 14028 | D:8      | Reached skill level 12 in Spellcasting
 14395 | D:7      | Killed a manticore
 14395 | D:7      | Reached skill level 5 in Dodging
 14897 | D:8      | Reached skill level 1 in Invocations
 15273 | D:8      | Found a staircase to the Lair.
 15654 | D:8      | Noticed Maurice
 15674 | D:8      | Paralysed by Maurice for 6 turns
 15713 | D:8      | Killed Maurice
 15713 | D:8      | Reached skill level 10 in Fighting
 15928 | D:9      | Reached skill level 13 in Spellcasting
 16064 | D:9      | Reached XP level 11. HP: 117/117 MP: 28/28
 16069 | D:9      | Gained mutation: Your movements are slightly less encumbered by armour. (ER -2) [mutagenic meat]
 16074 | D:9      | Noticed a two-headed ogre
 16086 | D:9      | Killed a two-headed ogre
 16116 | D:9      | Found Rysy's Antique Armour Shoppe.
 16133 | D:9      | Bought an ichor-stained robe for 131 gold pieces
 16143 | D:9      | Identified the cursed +1 robe of Inevitability {*Contam MR+ Stlth+} (You bought it in a shop on level 9 of the Dungeon)
 16190 | D:8      | Reached ** piety under Qazlal
 17162 | D:8      | Noticed a two-headed ogre
 17174 | D:8      | Killed a two-headed ogre
 17739 | D:9      | Noticed a two-headed ogre
 17765 | D:9      | Killed a two-headed ogre
 17953 | D:9      | Reached skill level 14 in Spellcasting
 18230 | D:9      | Found a burning altar of Makhleb.
 18412 | D:10     | Entered Level 10 of the Dungeon
 18532 | D:10     | Reached skill level 5 in Invocations
 20503 | Lair:1   | Entered Level 1 of the Lair of Beasts
 20503 | Lair:1   | Noticed an oklob plant
 20514 | Lair:1   | Killed an oklob plant
 20759 | D:8      | Reached XP level 12. HP: 38/131 MP: 19/30
 21809 | Lair:1   | Reached skill level 15 in Spellcasting
 22638 | Lair:1   | Learned a level 3 spell: Ozocubu's Armour
 22643 | Lair:1   | Learned a level 4 spell: Throw Icicle
 22646 | Lair:1   | Learned a level 2 spell: Throw Frost
 22801 | Lair:1   | Noticed a six-headed hydra
 22814 | Lair:1   | Killed a six-headed hydra
 23712 | Lair:2   | Noticed Popi's ghost (journeyman HuFi)
 24003 | Lair:2   | Noticed a five-headed hydra
 24014 | Lair:2   | Killed a five-headed hydra
 24740 | Lair:2   | Found a hole to the Spider Nest.
 25451 | Lair:2   | Reached skill level 16 in Spellcasting
 26149 | Lair:3   | Found a staircase to the Swamp.
 26403 | Lair:2   | Noticed a seven-headed hydra
 26419 | Lair:2   | Slain by a seven-headed hydra

Skill      XL: |  1  2  3  4  5  6  7  8  9 10 11 12 |
---------------+-------------------------------------+-----
Conjurations   | 1 2 3 4 5 |  5.0
Spellcasting   | 4 5 6 7 9 11 13 14 16 | 16.1
Dodging        | 2 4 5 |  5.1
Fighting       | 1 2 3 4 6 8 10 11 13 | 13.1
Invocations    | 2 5 8 |  8.1
Stealth        | |  1.4
Summonings     | |  0.8
Translocations | |  0.8

Action                   |  1- 3 |  4- 6 |  7- 9 | 10-12 || total
-------------------------+-------+-------+-------+-------++-------
Melee: Unarmed           |    58 |       |       |       ||    58
       Spear             |       |    68 |    85 |       ||   153
       Trident           |       |       |   391 |   684 ||  1075
 Cast: Magic Dart        |   130 |   212 |   264 |   587 ||  1193
       Conjure Flame     |     1 |       |    54 |    94 ||   149
       Blink             |       |       |    34 |    43 ||    77
       Mephitic Cloud    |       |       |       |     1 ||     1
       Throw Frost       |       |       |       |    17 ||    17
       Throw Icicle      |       |       |       |     8 ||     8
       Ozocubu's Armour  |       |       |       |     3 ||     3
Invok: Upheaval          |       |       |       |    13 ||    13
  Use: Scroll            |       |       |    13 |     7 ||    20
       Potion            |       |       |     5 |       ||     5
 Stab: Sleeping          |       |       |     1 |       ||     1
  Eat: Chunk             |     5 |    11 |    22 |    24 ||    62
       Fruit             |       |       |     3 |     4 ||     7
       Meat ration       |       |       |       |     3 ||     3
Armor: Robe              |    39 |    17 |    48 |   101 ||   205
       Skin              |       |       |   109 |       ||   109
Dodge: Dodged            |    71 |    64 |   182 |   283 ||   600
Block: Other             |       |       |       |    41 ||    41
